 Dungeon Crawl Stone Soup version 0.29-a0-233-g1125b37a9b (webtiles) character file.

Game seed: 11969093321329459538

1110 avis the Ruffian (level 8, -1/65 (68) HPs)
             Began as a Hill Orc Transmuter on Mar 2, 2022.
             Slain by a wight
             ... wielding a +0 scimitar
              (11 damage)
             ... on level 5 of the Dungeon.
             The game lasted 00:30:52 (6317 turns).

avis the Ruffian (Hill Orc Transmuter)              Turns: 6317, Time: 00:30:53

HP:   -1/65 (68)    AC:  2    Str: 19    XL:     8   Next: 33%
MP:   8/12          EV: 19    Int: 15    God:
Gold: 297           SH:  0    Dex: 16    Spells: 3/13 levels left

rFire   . . .      SeeInvis .     - Unarmed
rCold   . . .      Faith    .   (shield currently unavailable)
rNeg    . . .      Spirit   .   (body armour currently unavailable)
rPois   x          Reflect  .   (helmet currently unavailable)
rElec   .          Harm     .   (cloak currently unavailable)
rCorr   .          Rampage  .   (gloves currently unavailable)
Will    .....                   (boots currently unavailable)
Stlth   +.........              h - amulet of the acrobat
HPRegen 0.20/turn               j - +6 ring of strength
MPRegen 0.13/turn               (no ring)

@: spider-form, lightly drained
A: venomous fangs, tiny
a: End Transformation


You were on level 5 of the Dungeon.
You were a venomous arachnid creature.
You visited 2 branches of the dungeon, and saw 8 of its levels.

You collected 297 gold pieces.

Inventory:

Hand Weapons
 b - a +0 hunting sling of freezing
 e - a +0 spear
 H - a +0 trident
Missiles
 d - 60 stones
 x - 10 poisoned darts
 C - 3 boomerangs
 D - 3 javelins
Armour
 a - a +1 robe (melded)
 w - a scarf of resistance (melded)
 I - a +0 chain mail
Jewellery
 h - an amulet of the acrobat (around neck)
 j - a +6 ring of strength (left front leg)
 l - a ring of flight
Scrolls
 f - 3 scrolls of teleportation
 k - a scroll of enchant weapon {unknown}
 n - a scroll of silence {unknown}
 p - 3 scrolls of magic mapping {unknown}
 q - 3 scrolls of identify {unknown}
 s - 2 scrolls of enchant armour
 t - a scroll of noise {unknown}
 y - a scroll of brand weapon {unknown}
 A - a scroll of vulnerability {unknown}
 B - 2 scrolls of fog {unknown}
 F - a scroll of amnesia {unknown}
 G - a scroll of acquirement {unknown}
Potions
 c - a potion of cancellation {unknown}
 g - 2 potions of haste {unknown}
 i - 3 potions of heal wounds {unknown}
 m - a potion of attraction {unknown}
 o - a potion of degeneration {unknown}
 r - a potion of lignification {unknown}
 u - a potion of mutation {unknown}
 v - 2 potions of might {unknown}
 z - a potion of curing {unknown}
 E - 2 potions of resistance {unknown}
 J - a potion of magic {unknown}


   Skills:
 - Level 5.0 Fighting
 - Level 2.0 Dodging
 - Level 7.0 Unarmed Combat
 - Level 3.0 Spellcasting
 * Level 3.8 Transmutations
 - Level 2.0 Poison Magic


You had 3 spell levels left.
You knew the following spells:

 Your Spells              Type           Power      Damage    Failure   Level
a - Beastly Appendage     Tmut           26%        N/A       13%         1
c - Passwall              Tmut/Erth      5%         N/A       32%         2
p - Spider Form           Tmut/Pois      10%        N/A       38%         3
q - Ice Form              Ice/Tmut       7%         N/A       85%         4

Your spell library contained the following spells:

 Spells                   Type           Power      Damage    Failure   Level
 Sting                    Tmut/Pois      40%        1d5       17%         1
 Wereblood                Tmut           13%        N/A       17%         2
 Animate Skeleton         Necr           4%         N/A       41%         1
 Apportation              Tloc           4%         N/A       41%         1
 Summon Small Mammal      Summ           8%         N/A       41%         1
 Poisonous Vapours        Pois/Air       10%        N/A       41%         2
 Ensorcelled Hibernation  Hex/Ice        4%         N/A       52%         2
 Static Discharge         Conj/Air       2%         N/A       52%         2
 Inner Flame              Hex/Fire       2%         N/A       73%         3
 Swiftness                Air            2%         N/A       73%         3
 Olgreb's Toxic Radiance  Pois           8%         N/A       83%         4
 Cause Fear               Hex            1%         N/A       97%         4
 Dispel Undead            Necr           2%         3d7       97%         4
 Sticky Flame             Conj/Fire      2%         2d3       97%         4
 Discord                  Hex            1%         N/A       100%        8


Dungeon Overview and Level Annotations

Branches:
Dungeon (7/15)             Temple (1/1) D:5

Altars:
Dithmenos
Fedhas
Makhleb
Nemelex Xobeh
Trog
Xom
Zin

Shops:
D:1 =   D:3 [   D:4 *

Annotations:
D:4 2 transporters, WindUpCitrus's ghost, amateur MiHu
D:7 Joseph


Message History

The centaur wields a +0 shortbow.
The centaur shoots an arrow.
The arrow misses you.
There is a stone staircase leading up here.
The centaur shoots an arrow.
The arrow completely misses you. The wight hits you with a +0 scimitar.
The wight barely misses you.
You climb upwards.
There is a stone staircase leading down here.
Your transformation has ended.
Your scarf of resistance unmelds from your body.
Your +1 robe unmelds from your body.
You feel resistant to extremes of temperature.
There is a stone staircase leading up here.
The wight barely misses you.
You climb upwards.
There is a stone staircase leading down here.
Casting: Spider Form (dangerous; 19% risk of failure)
Confirm with . or Enter, or press ? or * to list all spells.
You miscast Spider Form.
You are very lightly contaminated with residual magic.
Nothing appears to happen.
The wight hits you with a +0 scimitar!
* * * LOW HITPOINT WARNING * * *
You feel drained.
* * * LOW HITPOINT WARNING * * *
Your magical contamination has completely faded away.
Casting: Spider Form (dangerous; 19% risk of failure)
Confirm with . or Enter, or press ? or * to list all spells.
You turn into a venomous arachnid creature.
Your scarf of resistance melds into your body.
Your +1 robe melds into your body.
You feel hot and cold all over. The wight misses you.
You hit the wight.
The wight is moderately damaged.
The wight hits you with a +0 scimitar.
* * * LOW HITPOINT WARNING * * *
You feel drained.
* * * LOW HITPOINT WARNING * * *
You barely miss the wight.
The wight is moderately damaged.
The wight hits you with a +0 scimitar!
You die...

...........#...............##..#.
...........#...............###.#.
############.....<.........###.#.
.##.# #...................###
....# #................#..#..
..### ###.#..#..)..........#..
..# ######.....###..........###..
..###......##.#####..##..##.###..
................sz............#..
..#####....#########.###.###..###
..#.......## ####..# #...#.
..#.......# #...## #...#.
###.......# #.### ###.#.
#.......###########.# ####
#.............#.>...# ###
#.......#####...##### #..
######### ##### #..


You could see a wight.

Vanquished Creatures
  2 ice beasts (D:6)
  2 sky beasts (D:6)
  A phantom (D:5)
  A bullfrog (D:6)
  2 scorpions
  3 jellies
  4 hounds
  3 iguanas
  2 orc wizards
  8 adders
  A white imp (D:6)
  A worm (D:2)
  4 dart slugs
  13 orcs
  3 bats
  6 endoplasms
  2 goblins
  3 hobgoblins
  3 quokkas
  A ball python (D:3)
  3 frilled lizards
  3 kobolds
  2 rats
73 creatures vanquished.

Notes
Turn   | Place    | Note
-------+----------+-------------------------------------------
     0 | D:1      | avis the Hill Orc Transmuter began the quest for the Orb.
     0 | D:1      | Reached XP level 1. HP: 16/16 MP: 3/3
    78 | D:1      | Found Ozec's Jewellery Shoppe.
   387 | D:1      | Reached XP level 2. HP: 23/23 MP: 2/4
  1350 | D:2      | Reached XP level 3. HP: 29/29 MP: 3/5
  1561 | D:2      | Learned a level 3 spell: Spider Form
  1568 | D:2      | Reached skill level 4 in Unarmed Combat
  2214 | D:2      | Reached skill level 1 in Poison Magic
  2214 | D:2      | Reached XP level 4. HP: 32/36 MP: 5/7
  2554 | D:3      | Found Zeag's Antique Armour Boutique.
  2766 | D:3      | Noticed a scorpion
  2776 | D:3      | Killed a scorpion
  2777 | D:3      | Reached XP level 5. HP: 28/45 MP: 4/8
  3131 | D:3      | Found a faded altar of an unknown god.
  3212 | D:3      | Found a sparkling altar of Nemelex Xobeh.
  3386 | D:4      | Found a blossoming altar of Fedhas.
  3565 | D:4      | Found Mogomp's General Store.
  3611 | D:4      | Found a transporter.
  3616 | D:4      | Noticed WindUpCitrus's ghost (amateur MiHu)
  3616 | D:4      | Noticed a water moccasin
  3625 | D:4      | Found a transporter.
  3647 | D:4      | Found a glowing silver altar of Zin.
  3649 | D:4      | Found a burning altar of Makhleb.
  3651 | D:4      | Noticed an angel
  3651 | D:4      | Noticed an Executioner
  4051 | D:4      | Reached skill level 5 in Unarmed Combat
  4187 | D:4      | Reached XP level 6. HP: 52/52 MP: 5/9
  4333 | D:5      | Entered Level 5 of the Dungeon
  4348 | D:5      | Identified the +8 hand axe of Impeachment {vorpal, Drain
                  | Str+3 Dex+7 SInv}
  4520 | D:5      | Reached skill level 6 in Unarmed Combat
  4531 | D:5      | Reached XP level 7. HP: 39/59 MP: 4/10
  4695 | D:5      | Learned a level 2 spell: Passwall
  4717 | D:5      | Found a bloodstained altar of Trog.
  4951 | D:5      | Found a staircase to the Ecumenical Temple.
  4997 | Temple   | Entered the Ecumenical Temple
  5341 | D:6      | Reached skill level 5 in Fighting
  5540 | D:6      | Reached XP level 8. HP: 52/68 MP: 6/12
  5770 | D:6      | Reached skill level 7 in Unarmed Combat
  5786 | D:6      | Learned a level 4 spell: Ice Form
  6251 | D:7      | Noticed Joseph
  6317 | D:5      | Slain by a wight

Illustrated notes

Levels and vault maps discovered:
D:1:      minmay_arrival_jagged, layout_basic, serial_shops, shop
D:2:      layout_basic, minmay_crystal_room, small_statue_intersection
D:3:      layout_loops_ring, nemelex_dance_club_becter, serial_shops,
          nicolae_shop_waterfront, basic_ecumenical_altar
D:4:      layout_cave_pods, grunt_temple_overflow_order_and_chaos_2,
          fedhas_ov_isle_minmay, gammafunk_ghost_arena, serial_shops,
          nicolae_shop_competitors_out_of_business
D:5:      layout_rooms, trog_three_pillars_becter,
          minmay_temple_entry_antechambers, kennysheep_generic_room_2
D:6:      layout_basic
D:7:      layout_rooms, mainiacjoe_overflow_brackets, uniq_duvessa, uniq_joseph,
          uniq_maggie
Temple:   dpeg_chambers_temple

Skill      XL: |  1  2  3  4  5  6  7  8 |
---------------+-------------------------+-----
Transmutations | 2 3 |  3.8
Fighting       | 2 3 4 5 |  5.0
Unarmed Combat | 4 5 6 7 |  7.0
Spellcasting   | 2 3 |  3.0
Poison Magic   | 1 2 |  2.0
Dodging        | 2 |  2.0

Action                   |  1- 3 |  4- 6 |  7- 9 || total
-------------------------+-------+-------+-------++-------
Melee: Unarmed           |    47 |    82 |    73 ||   202
       Kick              |     9 |    11 |     1 ||    21
       Headbutt          |     4 |     6 |     1 ||    11
       Punch             |     1 |       |       ||     1
 Fire: Hunting sling     |       |     8 |    19 ||    27
 Cast: Beastly Appendage |    18 |    16 |     2 ||    36
       Spider Form       |       |    13 |    12 ||    25
  Use: Scroll            |       |       |     2 ||     2
 Stab: Sleeping          |       |     1 |     1 ||     2
Armor: Robe              |     4 |     5 |     1 ||    10
       Skin              |       |     4 |     4 ||     8
Dodge: Dodged            |    22 |    54 |    48 ||   124

Table legend: (Time is in decaauts)
 A = Elapsed time spent in this place.
 B = Non-inter-level travel time spent in this place.
 C = Inter-level travel time spent in this place.
 D = Time resting spent in this place.
 E = Time spent auto-exploring this place.
 F = Levels seen in this place.
 G = Mean time per level.
                   A        B        C        D        E       F      G
               +--------+--------+--------+--------+--------+-----+--------+
         Total |   6312 |   5914 |    398 |   1467 |   3218 |   8 |  789.0 |
       Dungeon |   6304 |   5906 |    398 |   1467 |   3218 |   7 |  900.6 |
        Temple |      8 |      8 |      0 |      0 |      0 |   1 |    8.0 |
               +--------+--------+--------+--------+--------+-----+--------+

Top non-repeatable levels by time:
     D:2: 1538 daAuts
     D:5: 1000 daAuts
     D:4: 953 daAuts
     D:1: 942 daAuts
     D:6: 933 daAuts
     D:3: 925 daAuts
     D:7: 11 daAuts
  Temple: 8 daAuts
